 Seeded DCSS version 0.30.1-3-gfc49f6343a (webtiles) character file.

Game seed: 7542379050718143860 (custom seed)

114 Pooter the Chopper (level 4, -4/61 HPs)
             Began as a Minotaur Berserker on Aug 3, 2023.
             Was a Believer of Trog.
             Slain by a gnoll
             ... wielding a +0 flail
              (6 damage)
             ... on level 2 of the Dungeon.
             The game lasted 00:03:59 (1151 turns).

Pooter the Chopper (Minotaur Berserker)             Turns: 1151, Time: 00:03:59

Health: -4/61      AC:  7    Str: 24    XL:     4   Next: 66%
Magic:  3/3        EV: 11    Int:  4    God:    Trog [**....]
Gold:   65         SH:  0    Dex:  9    Spells: 3/3 levels left

rFire   . . .        g - +0 lajatang
rCold   . . .        (shield currently unavailable)
rNeg    + . .        f - +0 ring mail
rPois   .            (helmet restricted)
rElec   .            (no cloak)
rCorr   .            e - +1 pair of gloves
SInv    .            (no boots)
Will    .....        (no amulet) Stlth
                     N - ring of positive energy
HPRegen 0.30/turn    (no ring)
MPRegen 0.08/turn

%: no passive effects
@: berserking, very quick
A: horns 2, retaliatory headbutt
a: Renounce Religion, Berserk, Trog's Hand


You were on level 2 of the Dungeon.
You worshipped Trog.
Trog was pleased with you.
You visited 1 branch of the dungeon, and saw 2 of its levels.

You collected 65 gold pieces.

Inventory:

Hand Weapons
 a - a +0 hand axe
 g - a +0 lajatang (weapon)
   (You found it on level 2 of the Dungeon)
 j - a +0 halberd
   (You took it off a gnoll on level 2 of the Dungeon)
Missiles
 Q - 8 stones (quivered)
Armour
 e - a +1 pair of gloves (worn)
   (You found it on level 1 of the Dungeon)
 f - a +0 ring mail (worn)
   (You found it on level 1 of the Dungeon)
Jewellery
 N - a ring of positive energy (left hand)
   (You found it on level 2 of the Dungeon)
Scrolls
 b - a scroll of fog {unknown}
 c - a scroll of identify {unknown}
Potions
 d - a potion of mutation {unknown}
 h - a potion of attraction {unknown}
 i - a potion of brilliance {unknown}


   Skills:
 + Level 4.8 Fighting
 * Level 5.8 Axes
 - Level 2.4 Armour
 - Level 2.1 Dodging


You had 3 spell levels left.
You didn't know any spells.
Your spell library was empty.

Dungeon Overview and Level Annotations

Branches:
Dungeon (2/15) Zot: 10833

Altars:


Innate Abilities, Weirdness & Mutations

You have a pair of horns on your head.
You reflexively headbutt those who attack you in melee.


Message History

You are exhausted.
You feel yourself slow down.
You start resting.
You start waiting.
You feel yourself speed up.
You start waiting.
You recover from your berserk rage.
Things that are here:
a +0 whip; a gnoll corpse
Things that are here:
a +0 whip; a +0 club; a gnoll corpse
Things that are here:
a +0 halberd; a gnoll corpse
j - a +0 halberd
Found a spear.
You now have 65 gold pieces (gained 7).
A gnoll comes into view. It is wielding a +0 flail.
Found a scroll labelled JAKAEMYNEH.
The gnoll shouts!
You hear a shout!
A gnoll comes into view. It is wielding a +0 flail.
A gnoll comes into view. It is wielding a +0 flail.
You closely miss the gnoll. The gnoll hits you with a +0 flail.
The gnoll barely misses you. You furiously retaliate!
You headbutt the gnoll! The gnoll misses you. You furiously retaliate!
You headbutt the gnoll! You slash the gnoll!
You kill the gnoll!
Trog accepts your kill. The gnoll hits you with a +0 flail!
You closely miss the gnoll. The gnoll hits you with a +0 flail!
* * * LOW HITPOINT WARNING * * *
The gnoll hits you but does no damage. The gnoll hits you with a +0 flail.
* * * LOW HITPOINT WARNING * * *
The gnoll hits you with a +0 flail.
* * * LOW HITPOINT WARNING * * *
A red film seems to cover your vision as you go berserk!
You feel yourself moving faster!
You feel mighty! The gnoll hits you with a +0 flail!
* * * LOW HITPOINT WARNING * * *
The gnoll hits you but does no damage.
You closely miss the gnoll. The gnoll closely misses you.
You furiously retaliate!
You headbutt the gnoll! The gnoll hits you but does no damage.
You closely miss the gnoll. The gnoll hits you with a +0 flail.
* * * LOW HITPOINT WARNING * * *
The gnoll hits you with a +0 flail.
* * * LOW HITPOINT WARNING * * *
You closely miss the gnoll. The gnoll hits you with a +0 flail.
* * * LOW HITPOINT WARNING * * *
The gnoll hits you with a +0 flail.
You die...

#.# #.# #.#.#
######.######.# #.#.#
########[........)...###.#.#
.......).................#.#
.######.##################.#
#. #.# #.# #.#### ##.#
####....########
...###).........@g..#
.....#)#####.####g..#
#...†.# #.# .....# ##.#.#.#
#.# ....... .......# #.#
...?.## ##.#.#.# #.# ...###
#.....# #.# ...# ####.###
#.# #### .....#### #.#


You could see 2 gnolls.

Vanquished Creatures
  Jessica (D:2)
  An adder (D:2)
  5 gnolls (D:2)
  A dart slug (D:1)
  A ball python (D:1)
  5 bats (D:1)
  An endoplasm (D:2)
  A giant cockroach (D:2)
  4 goblins
  4 hobgoblins
  4 frilled lizards (D:1)
  3 rats (D:1)
31 creatures vanquished.

Notes
Turn   | Place    | Note
-------+----------+-------------------------------------------
     0 | D:1      | Pooter the Minotaur Berserker began the quest for the Orb.
     0 | D:1      | Reached XP level 1. HP: 19/19 MP: 0/0
   138 | D:1      | Reached skill level 4 in Axes
   301 | D:1      | Reached XP level 2. HP: 27/27 MP: 1/1
  1014 | D:2      | Reached XP level 3. HP: 33/33 MP: 2/2
  1044 | D:2      | Reached ** piety under Trog
  1061 | D:2      | Noticed Jessica
  1065 | D:2      | Killed Jessica
  1066 | D:2      | Reached skill level 5 in Axes
  1074 | D:2      | Reached XP level 4. HP: 35/41 MP: 3/3
  1151 | D:2      | HP: 2/61 [gnoll/+0 flail (3)]
  1151 | D:2      | Slain by a gnoll

Illustrated notes

Levels and vault maps discovered:
D:1:      co_arrival_square_in_a_square_in_a_square, layout_loops_corners,
          minmay_fountain_box, nicolae_eternal_life, hangedman_decor_slide_cut
D:2:      layout_loops_ring, uniq_jessica

Skill      XL: |  1  2  3 |
---------------+----------+-----
Axes           | 4 5 |  5.8
Fighting       | 4 |  4.8
Armour         | |  2.4
Dodging        | |  2.1

Action                     |  1- 3 |  4- 6 || total
---------------------------+-------+-------++-------
  Melee: Hand axe          |    41 |       ||    41
         Headbutt          |     7 |       ||     7
         Punch             |     2 |       ||     2
         Lajatang          |    10 |    10 ||    20
 Invoke: Trog's Hand       |     1 |       ||     1
         Berserk           |       |     2 ||     2
 Armour: Animal skin       |     7 |       ||     7
         Ring mail         |     5 |     3 ||     8
  Dodge: Dodged            |    39 |     5 ||    44
